 Dungeon Sprint DCSS version 0.27-a0-681-g0c81a3c1c3 (webtiles) character file.

Game seed: 10505704496633537675

734 rocky1 the Eye of the Storm (level 7, -8/57 HPs)
             Began as a Demonspawn Gladiator on Mar 14, 2021.
             Was a Priest of Qazlal.
             Killed from afar by a deep elf knight (13 damage)
             ... with a shard of ice
             ... in the Dungeon (Sprint V: "Ziggurat Sprint") on Mar 20, 2021.
             The game lasted 00:07:37 (772 turns).

rocky1 the Eye of the Storm (Demonspawn Gladiator)   Turns: 772, Time: 00:07:38

Health: -8/57      AC: 15    Str: 28    XL:     7   Next: 45%
Magic:  9/13       EV: 13    Int:  9    God:    Qazlal [***...]
Gold:   0          SH:  3    Dex: 15    Spells: 6/6 levels left

rFire    + . .     SeeInvis .   a - +0 war axe
rCold    . . .     Faith    .   (no shield)
rNeg     . . .     Spirit   .   F - +0 scale mail
rPois    .         Reflect  .   (helmet restricted)
rElec    .         Harm     .   (no cloak)
rCorr    .         Rampage  .   (no gloves)
Will     .....     NoTele   +   b - +0 pair of boots of the Ecumenical Temple {rF+}
Stlth    +.........             (no amulet)
HPRegen  0.19/turn              s - +6 ring of strength
MPRegen  0.26/turn              t - +6 ring of strength

@: sanguine armoured
A: horns 1, magic regeneration, sanguine armour 1
a: Renounce Religion, Upheaval, Elemental Force


You were in the Dungeon.
You worshipped Qazlal.
Qazlal was most pleased with you.
You visited 1 branch

Inventory:

Hand Weapons
 a - a +0 war axe (weapon)
 n - a +6 battleaxe of freezing
 p - a +2 vorpal shortbow
 y - a +5 battleaxe
 E - a +5 executioner's axe
Missiles
 d - 3 throwing nets (quivered)
Armour
 b - the +0 pair of boots of the Ecumenical Temple (worn) {rF+}
   (You found it in the Dungeon)

   It protects you from fire.
 c - a +0 helmet
 F - a +0 scale mail (worn)
Jewellery
 q - a ring of fire
 s - a +6 ring of strength (right hand)
 t - a +6 ring of strength (left hand)
 C - a ring of magical power
Wands
 k - a wand of mindburst (7)
 l - a wand of iceblast (7)
 m - a wand of acid (7)
Scrolls
 j - 4 scrolls of blinking
 o - a scroll of brand weapon
 u - 4 scrolls of amnesia
 v - 7 scrolls of fog
 w - 5 scrolls of identify
 x - 2 scrolls of fear
Potions
 e - 5 potions of curing
 f - 10 potions of heal wounds
 g - 6 potions of haste
 h - 7 potions of magic
 i - 2 potions of berserk rage
 z - 2 potions of brilliance
 A - 2 potions of invisibility
 B - 4 potions of resistance
 D - 5 potions of might


   Skills:
 + Level 5.9 Fighting
 + Level 6.7 Axes
 - Level 1.7 Throwing
 + Level 6.4 Armour
 + Level 6.7 Dodging
 - Level 5.2 Stealth
 + Level 8.8 Invocations
 + Level 5.4 Evocations


You had 6 spell levels left.
You didn't know any spells.
Your spell library contained the following spells:

 Spells                   Type           Power      Damage    Failure   Level
 Foxfire                  Conj/Fire      0%         2x1d4     63%         1
 Magic Dart               Conj           0%         1d3       63%         1
 Shock                    Conj/Air       0%         1d3       63%         1
 Sting                    Tmut/Pois      0%         1d3       63%         1
 Searing Ray              Conj           0%         3d3       77%         2
 Eringya's Noxious Bog    Tmut/Pois      0%         N/A       100%        6


Dungeon Overview and Level Annotations

Branches:
Dungeon (1/1)

Altars:
Ashenzari
Cheibriados
Dithmenos
Elyvilon
Fedhas
Gozag
Hepliaklqana
Kikubaaqudgha
Makhleb
Nemelex Xobeh
Okawaru
Qazlal
Ru
Sif Muna
Trog
Uskayaw
Vehumet
Wu Jian
Xom
Yredelemnul
Zin
The Shining One
Beogh
Jiyva
Lugonu

Annotations:
D 1 transporter


Innate Abilities, Weirdness & Mutations

You have a pair of small horns on your head.
You regenerate magic rapidly.
When seriously injured, your bleeding wounds create armour. (AC +6)


Message History

You hear some strange, mumbled words.
A shard of ice appears from out of thin air!
The shard of ice misses you.
The deep elf pyromancer hits you with a +0 dagger.
The fire elemental misses you.
The deep elf zephyrmancer hits you with the +4 dagger of the Kidney {flame, Int+3}.
The deep elf pyromancer hits you with a +0 long sword!
Your scale mail prevents you from hitting the deep elf zephyrmancer.
You headbutt the deep elf zephyrmancer.
You kill the deep elf zephyrmancer!
Qazlal accepts your kill.
You slash the deep elf pyromancer! You closely miss the fire elemental.
You completely miss the deep elf pyromancer.
You hit something. The fire elemental hits you. The fire elemental burns you!
You resist. Something hits you!
* * * LOW HITPOINT WARNING * * *
The deep elf pyromancer hits you but does no damage.
The deep elf pyromancer casts a spell.
The fire elemental hits you. The fire elemental burns you! You resist.
* * * LOW HITPOINT WARNING * * *
Your Fighting skill increases to level 5!
Your Axes skill increases to level 6!
Your Armour skill gained 2 levels and is now at level 6!
Your Dodging skill increases to level 6!
Your Invocations skill increases to level 8!
Your Evocations skill gained 2 levels and is now at level 5!
You have reached level 7!
Your demonic ancestry asserts itself...
You feel your blood ready itself to protect you.
You hit the deep elf pyromancer.
You kill the deep elf pyromancer!
Qazlal accepts your kill.
You can now give life to nearby clouds.
The fire elemental disappears in a puff of smoke!
You miss something.
You closely miss the deep elf pyromancer.
You hit the fire elemental.
Your blood congeals into armour.
You hear some strange, mumbled words.
A shard of ice appears from out of thin air!
The shard of ice hits you!
You die...

▓.....▓.....▓..©..▓
▓..©..▓..©..▓▓▓▓▓▓▓
▓▓▓▓▓▓▓▓▓▓▓▓▓▓
▓..8©8...▓
▓..)}:...▓
▓...:....▓
▓......§.▓
▓..{.)...▓
▓.▓e@§.▓.▓
▓○EE©....▓
▓▓▓▓▓▓▓▓▓▓


You could see a deep elf pyromancer and 2 fire elementals.

Vanquished Creatures
  A deep elf zephyrmancer (D)
  A deep elf pyromancer (D)
  2 nagas (D)
  An orc priest (D)
  An orc wizard (D)
  An adder (D)
  4 ball pythons (D)
11 creatures vanquished.

Notes
Turn   | Place    | Note
-------+----------+-------------------------------------------
     0 | D        | rocky1 the Demonspawn Gladiator began the quest for the
                  | Orb.
     0 | D        | Reached XP level 1. HP: 16/16 MP: 1/1
     4 | D        | Found a shimmering blue altar of Sif Muna.
     4 | D        | Found a bloodstained altar of Trog.
     4 | D        | Found a sacrificial altar of Ru.
     4 | D        | Found a stormy altar of Qazlal.
     4 | D        | Found an iron altar of Okawaru.
     8 | D        | Found a sparkling altar of Nemelex Xobeh.
     9 | D        | Found the +6 Majin-Bo {vamp, MP+6 Int+6}
     9 | D        | Found the +9 heavy crossbow "Sniper" {vorpal, Acc+∞ SInv}
     9 | D        | Found the +10 dark maul {vorpal}
     9 | D        | Found the +15 Maxwell's patent armour {-Cast -Tele rElec
                  | Will+ rCorr}
     9 | D        | Found the +18 shield of the Gong {rElec rN+ Will+ EV-5}
     9 | D        | Found the +14 obsidian axe {vorpal, *Drain +Fly SInv}
     9 | D        | Found the +7 great mace "Firestarter" {inner flame, rF++}
     9 | D        | Found the +6 shillelagh "Devastator" {shatter}
     9 | D        | Found the +11 plutonium sword {*Contam Stlth-}
     9 | D        | Found the +8 lance "Wyrmbane" {slay drac, rPois rF+ rC+
                  | AC+3}
     9 | D        | Found the +9 sword of Zonguldrok {reap}
     9 | D        | Found the +13 scythe of Curses {drain, *Drain}
     9 | D        | Found the +5 sword of Power {vorpal}
     9 | D        | Found the +7 mace of Variability {chain chaos}
     9 | D        | Found the +7 Singing Sword {vorpal, sonic wave}
     9 | D        | Found the +8 storm bow {elec, penet}
    10 | D        | Found a corrupted altar of Lugonu.
    10 | D        | Found an ancient bone altar of Kikubaaqudgha.
    10 | D        | Found a burning altar of Makhleb.
    10 | D        | Found a transporter.
    10 | D        | Found a viscous altar of Jiyva.
    10 | D        | Found a hazy altar of Hepliaklqana.
    18 | D        | Became a worshipper of Qazlal Stormbringer
    24 | D        | Found an opulent altar of Gozag.
    33 | D        | Found a blossoming altar of Fedhas.
    64 | D        | Gained mutation: You regenerate magic rapidly. [demonic
                  | ancestry]
    64 | D        | Reached XP level 2. HP: 22/22 MP: 2/2
    65 | D        | Reached skill level 4 in Invocations
   190 | D        | Entered arena 2.
   190 | D        | Found a transporter.
   210 | D        | Reached XP level 3. HP: 11/27 MP: 6/6
   211 | D        | Reached skill level 5 in Stealth
   483 | D        | Entered arena 3.
   483 | D        | Found a transporter.
   488 | D        | Reached * piety under Qazlal
   490 | D        | Reached XP level 4. HP: 31/33 MP: 7/7
   496 | D        | Got the Collected Works on Damaging Contamination
   498 | D        | Got the +0 pair of boots of the Ecumenical Temple {rF+}
   509 | D        | Entered arena 4.
   509 | D        | Noticed a naga
   509 | D        | Noticed a naga
   509 | D        | Found a transporter.
   513 | D        | Reached ** piety under Qazlal
   519 | D        | Killed a naga
   520 | D        | Reached skill level 5 in Axes
   520 | D        | Reached skill level 5 in Dodging
   520 | D        | Reached skill level 6 in Invocations
   520 | D        | Gained mutation: You have a pair of small horns on your
                  | head. [demonic ancestry]
   520 | D        | Reached XP level 5. HP: 24/41 MP: 7/9
   524 | D        | Killed a naga
   525 | D        | Reached skill level 7 in Invocations
   525 | D        | Reached XP level 6. HP: 11/49 MP: 7/11
   759 | D        | Upgraded the game from 0.27-a0-637-g3a9f0a9c12 to
                  | 0.27-a0-681-g0c81a3c1c3
   763 | D        | Entered arena 5.
   763 | D        | Noticed a deep elf zephyrmancer
   763 | D        | Noticed a deep elf pyromancer
   763 | D        | Noticed a deep elf pyromancer
   763 | D        | Noticed a deep elf knight
   763 | D        | Found a transporter.
   764 | D        | Identified the +4 dagger of the Kidney {flame, Int+3}
   770 | D        | Noticed a fire elemental
   770 | D        | Noticed a fire elemental
   771 | D        | Killed a deep elf zephyrmancer
   772 | D        | Reached skill level 5 in Fighting
   772 | D        | Reached skill level 8 in Invocations
   772 | D        | Reached skill level 5 in Evocations
   772 | D        | Gained mutation: When seriously injured, your bleeding
                  | wounds create armour. (AC +6) [demonic ancestry]
   772 | D        | Reached XP level 7. HP: 5/57 MP: 9/13
   772 | D        | Noticed a fire elemental
   772 | D        | Killed a deep elf pyromancer
   772 | D        | Reached *** piety under Qazlal
   772 | D        | Killed from afar by a deep elf knight

Illustrated notes

Levels and vault maps discovered:
D:        sprint_v [room_start, room_1, room_2, room_3, room_4, room_5, room_6,
          room_7, room_8, room_9, room_10, room_11, room_12, room_13, room_14,
          room_15, room_16, room_17, room_18, room_19, room_20, room_21,
          room_22, room_23, room_24, room_25, room_26, room_27]

Skill      XL: |  1  2  3  4  5  6 |
---------------+-------------------+-----
Axes           | 4 5 6 |  6.7
Armour         | 3 4 6 |  6.4
Dodging        | 4 5 6 |  6.7
Invocations    | 4 6 7 8 |  8.8
Stealth        | 3 5 |  5.2
Fighting       | 3 4 5 |  5.9
Evocations     | 2 3 5 |  5.4
Throwing       | |  1.7

Action                   |  1- 3 |  4- 6 |  7- 9 || total
-------------------------+-------+-------+-------++-------
Melee: War axe           |    14 |    21 |     1 ||    36
       Headbutt          |       |     3 |       ||     3
Invok: Upheaval          |       |     1 |       ||     1
  Use: Potion            |     5 |     2 |       ||     7
Armor: Leather armour    |     7 |       |       ||     7
       Scale mail        |     4 |    12 |       ||    16
Dodge: Dodged            |    22 |    12 |       ||    34
Block: Other             |     1 |     2 |       ||     3

Table legend: (Time is in decaauts)
 A = Elapsed time spent in this place.
 B = Non-inter-level travel time spent in this place.
 C = Inter-level travel time spent in this place.
 D = Time resting spent in this place.
 E = Time spent auto-exploring this place.
 F = Levels seen in this place.
 G = Mean time per level.
                   A        B        C        D        E       F      G
               +--------+--------+--------+--------+--------+-----+--------+
         Total |    784 |    784 |      0 |    577 |      0 |   1 |  784.0 |
       Dungeon |    784 |    784 |      0 |    577 |      0 |   1 |  784.0 |
               +--------+--------+--------+--------+--------+-----+--------+

Top non-repeatable levels by time:
       D: 784 daAuts
